Map: Blueshift LE

Players

RohanLegend - Winner!

  • Race: Protoss Protoss
  • League: Gold
  • Spawn Location: 1:00

Mesrob

  • Race: Terran Terran
  • League: Gold
  • Spawn Location: 7:00

VOD

Have the link to the VOD?

Description

Time

  • Played on: Jan. 15, 2019, 7:29 p.m.
  • Length: 17:33
Show
View Real Time Build Order
Export as new Build Order

RohanLegend Protoss - Winner!

Build Orders: Oracle Opening, Blink Stalkers 

Get SALT Encoding   

  12  0:01  Probe  
  13  0:13  Probe  
  14  0:18  Pylon  
  14  0:25  Probe  
  15  0:36  Gateway  
  15  0:40  Assimilator  
  15  0:42  Probe  
  16  0:50  Probe  
  17  0:58  Probe  
  18  1:09  Probe  
  19  1:11  Gateway  
  19  1:15  Pylon  
  19  1:20  Assimilator  
  19  1:30  Cybernetics Core  
  19  1:34  Probe  
  20  1:46  Probe  
  21  1:58  Probe  
  22  2:07  Warp Gate  
  22  2:10  Probe  
  22  2:20  Nexus  
  22  2:38  Stargate  
  22  2:41  Twilight Council  
  22  2:47  Probe  
  23  2:59  Probe  
  24  3:08  Pylon  
  24  3:11  Probe  
  25  3:19  Oracle  
  25  3:22  Gateway x2  
  25  3:33  Probe  
  29  3:38  Probe  
  30  3:45  Probe  
  31  3:50  Probe  
  31  3:52  Blink  
  31  3:53  Templar Archives  
  32  3:58  Probe  
  32  4:00  Pylon  
  32  4:02  Probe  
  34  4:15  Stalker  
  36  4:19  Stalker  
  36  4:22  Probe  
  36  4:23  Probe  
  40  4:27  Assimilator  
  40  4:34  Probe  
  40  4:35  Probe  
  42  4:46  Probe  
  42  4:49  Probe  
  41  4:54  Probe  
  41  4:56  Stalker x2  
  41  4:57  Stalker  
  48  5:01  Probe  
  48  5:03  Psionic Storm  
  48  5:04  Probe  
  50  5:07  Forge  
  50  5:11  Forge  
  50  5:18  Protoss Ground Weapons Level 1  
  50  5:23  Probe  
  50  5:25  Assimilator  
  51  5:29  Protoss Ground Armor Level 1  
  51  5:32  Pylon  
  51  5:33  Probe  
  51  5:36  Pylon  
  51  5:41  Probe  
  53  5:50  Probe  
  53  5:56  High Templar  
  56  6:20  Nexus  
  56  6:22  Pylon  
  56  6:26  Pylon  
  56  6:32  Robotics Facility  
  56  6:34  Pylon  
  56  6:38  High Templar x2  
  60  6:40  Pylon  
  60  6:44  Pylon, Stalker x2  
  64  6:56  Shield Battery  
  64  6:58  Shield Battery  
  64  6:59  Pylon  
  64  7:01  Shield Battery  
  64  7:03  Photon Cannon  
  64  7:07  Photon Cannon  
  64  7:10  Protoss Ground Weapons Level 2  
  64  7:12  Photon Cannon  
  64  7:13  Protoss Ground Armor Level 2, Photon Cannon  
  65  7:15  Probe x2  
  65  7:17  Photon Cannon  
  66  7:28  Stalker x3  
  72  7:33  Probe x3  
  75  7:45  Probe x3  
  78  7:57  Probe x3  
  81  8:06  High Templar x3  
  85  8:28  Probe x3  
  85  8:30  Observer  
  89  8:36  Robotics Facility  
  89  8:40  Probe x2  
  91  8:42  Robotics Bay  
  91  8:43  Charge  
  91  8:45  Assimilator  
  91  8:50  Assimilator  
  91  8:54  Pylon  
  91  8:57  Pylon  
  91  9:03  Pylon  
  91  9:05  Pylon, Protoss Ground Weapons Level 3  
  91  9:06  Protoss Ground Armor Level 3  
  91  9:17  Stalker x4  
  99  9:24  Warp Prism  
  99  9:25  Observer  
  102  9:51  Nexus  
  102  9:53  Pylon  
  102  9:56  Pylon  
  102  9:57  Zealot x4  
  110  10:00  Pylon  
  110  10:01  Pylon  
  110  10:08  Colossus  
  110  10:09  Colossus  
  122  10:16  Extended Thermal Lance  
  114  10:55  Immortal  
  114  10:59  Probe x2  
  114  11:00  Probe  
  114  11:02  Colossus  
  127  11:11  Probe  
  128  11:29  Immortal  
  128  11:32  Probe x4  
  132  11:37  Pylon  
  132  11:38  Pylon  
  136  11:41  Pylon, Protoss Shields Level 1  
  136  11:45  Gateway  
  136  11:47  Gateway  
  136  11:48  Gateway  
  136  11:49  Gateway  
  136  11:50  Pylon, Observer  
  136  11:52  Pylon  
  136  11:58  Pylon  
  136  12:00  Pylon  
  137  12:03  Pylon  
  137  12:04  Immortal  
  137  12:05  Pylon  
  137  12:07  Immortal  
  141  12:12  Zealot x2  
  141  12:13  Zealot x2  
  124  13:04  Archon  
  111  13:07  Zealot x5  
  111  13:08  Zealot x3  
  105  13:21  Immortal x2, Protoss Shields Level 2  
  103  13:43  Assimilator  
  103  13:44  Assimilator  
  103  13:57  Robotics Facility  
  103  13:58  Immortal  
  103  13:59  Immortal  
  103  14:00  Robotics Facility  
  111  14:10  Zealot x5  
  111  14:11  Zealot x3  
  127  14:29  Immortal x2  
  135  14:43  Probe  
  136  14:55  Probe  
  136  14:59  Immortal  
  137  15:00  Immortal  
  137  15:01  Immortal x2  
  145  15:07  Probe  
  145  15:10  Zealot x2  
  145  15:11  Zealot x6  
  170  15:33  Nexus  
  170  15:35  Immortal x2  
  164  15:37  Pylon x3  
  164  15:38  Zealot  
  164  15:39  Zealot x6  
  164  15:40  Pylon x2, Zealot  
  148  15:46  Pylon x2  
  138  15:54  Immortal x2  
  144  16:09  Zealot x6  
  144  16:10  Zealot x2  
  160  16:14  Immortal x2  
  158  16:33  Immortal  
  158  16:34  Immortal  
  144  16:53  Immortal  
  152  16:56  Zealot  
  152  16:57  Zealot x6  
  152  16:58  Zealot  
  168  17:05  Probe x3  
  168  17:06  Probe  
Show
View Real Time Build Order
Export as new Build Order

Mesrob Terran 

Build Orders: Mech 

Get SALT Encoding   

  12  0:00  SCV  
  13  0:12  SCV  
  14  0:17  Supply Depot  
  14  0:25  SCV  
  15  0:39  Barracks, SCV  
  16  0:48  Refinery  
  16  0:51  SCV  
  17  1:03  SCV  
  18  1:15  SCV  
  19  1:29  Orbital Command  
  19  1:37  Command Center  
  19  1:40  Marine  
  20  1:54  Bunker  
  20  2:02  SCV  
  21  2:10  Factory  
  21  2:16  Barracks Tech Lab  
  21  2:33  Supply Depot  
  21  2:49  SCV  
  21  2:50  Refinery  
  22  2:52  Orbital Command  
  22  2:56  Supply Depot  
  22  2:57  Engineering Bay  
  22  3:02  SCV  
  23  3:11  Siege Tank  
  26  3:15  SCV  
  27  3:20  SCV  
  28  3:27  Missile Turret  
  28  3:31  Missile Turret  
  28  3:32  SCV  
  29  3:36  Armory  
  29  3:40  SCV  
  30  3:44  SCV  
  31  3:49  Siege Tank  
  31  3:52  SCV  
  35  3:56  SCV  
  35  3:59  Missile Turret  
  35  4:02  Missile Turret  
  36  4:04  SCV  
  36  4:08  SCV  
  38  4:16  SCV  
  39  4:20  SCV  
  39  4:21  Siege Tank  
  39  4:23  Missile Turret  
  43  4:25  Supply Depot  
  43  4:28  SCV  
  44  4:32  SCV  
  45  4:39  Marine  
  45  4:40  SCV  
  45  4:44  SCV  
  46  4:56  Missile Turret  
  46  4:59  Missile Turret  
  46  5:04  Refinery  
  46  5:08  Siege Tank  
  46  5:11  Command Center  
  49  5:17  Factory  
  49  5:18  Factory  
  49  5:25  Refinery, SCV x2  
  51  5:32  Terran Vehicle Weapons Level 1  
  51  5:40  Marine  
  52  5:45  SCV  
  52  5:47  SCV  
  54  5:57  SCV  
  55  5:59  SCV  
  55  6:01  Factory Tech Lab  
  55  6:03  Factory Reactor  
  56  6:09  SCV  
  56  6:11  SCV  
  58  6:21  SCV  
  58  6:22  Thor  
  58  6:23  SCV  
  58  6:25  Thor  
  72  6:26  Supply Depot  
  72  6:30  Supply Depot  
  72  6:48  Supply Depot  
  72  6:53  Supply Depot  
  72  6:54  Missile Turret  
  72  7:11  SCV x2  
  72  7:12  Supply Depot  
  72  7:14  SCV  
  75  7:17  Missile Turret  
  75  7:19  Supply Depot  
  75  7:23  SCV x2  
  75  7:26  Terran Vehicle And Ship Armor Level 1  
  75  7:27  Refinery  
  75  7:29  Thor x2  
  89  7:30  Hellbat x2  
  93  7:37  Factory  
  93  7:38  Factory, Missile Turret  
  93  7:42  Supply Depot  
  93  8:00  Hellbat x2  
  93  8:01  Planetary Fortress  
  93  8:03  Refinery  
  97  8:10  Sensor Tower  
  97  8:25  Factory  
  97  8:26  Factory  
  97  8:29  Command Center  
  97  8:32  Factory Tech Lab, Factory Reactor  
  97  8:39  Thor  
  103  8:42  Hellbat x2  
  103  8:43  Thor  
  103  8:48  SCV x2  
  115  8:49  SCV  
  116  9:00  SCV  
  118  9:02  SCV  
  118  9:03  SCV  
  118  9:06  Sensor Tower, Thor  
  118  9:07  Hellbat  
  118  9:08  Hellbat  
  129  9:11  Factory Tech Lab, Factory Reactor  
  129  9:12  SCV  
  129  9:14  SCV  
  131  9:26  Supply Depot  
  131  9:27  Supply Depot  
  131  9:28  Supply Depot, Terran Vehicle Weapons Level 2  
  131  9:33  Armory  
  131  9:46  Thor  
  131  9:49  Supply Depot  
  137  10:05  Missile Turret  
  137  10:06  Planetary Fortress  
  137  10:09  Hellbat  
  137  10:11  Hellbat  
  137  10:12  Thor x2  
  137  10:14  Hellbat x3  
  157  10:15  Hellbat  
  161  10:22  Thor  
  161  10:25  Missile Turret  
  167  10:34  SCV x3  
  170  10:45  Refinery  
  170  10:46  SCV x2  
  170  10:47  Missile Turret  
  171  10:56  Refinery  
  171  11:05  Terran Vehicle And Ship Armor Level 2  
  171  11:13  Thor  
  171  11:16  Supply Depot  
  179  11:18  Hellbat  
  179  11:24  Supply Depot  
  179  11:32  SCV  
  180  11:37  SCV x2  
  180  11:38  Hellbat x3  
  188  11:40  Supply Depot  
  188  11:42  Supply Depot  
  188  11:46  Hellbat, Thor  
  196  11:47  Supply Depot  
  196  12:02  Hellbat  
  196  12:04  Supply Depot  
  196  12:05  Supply Depot  
  198  12:10  Supply Depot  
  198  12:27  Supply Depot  
  198  12:34  Supply Depot  
  198  12:43  Thor  
  167  13:04  Thor x2  
  167  13:05  Thor  
  142  13:06  Hellbat x5  
  142  13:08  Hellbat  
  114  13:25  Thor  
  108  13:27  Hellbat x2  
  112  13:37  SCV x2  
  112  13:38  Command Center  
  112  13:40  Hellbat  
  112  13:41  Hellbat x3  
  122  13:47  Thor x2  
  122  13:48  Thor  
  140  13:49  Hellbat  
  142  13:57  Refinery x2  
  142  13:58  Hellbat  
  142  14:02  Hellbat  
  146  14:08  Thor  
  152  14:12  SCV x2  
  152  14:14  SCV  
  155  14:18  SCV  
  156  14:24  SCV  
  156  14:29  Hellbat x3  
  156  14:30  Hellbat x2, Thor x3  
  156  14:31  Hellbat  
  187  14:51  Thor  
  193  14:59  Sensor Tower  
  193  15:13  Thor  
  143  15:44  Thor x3  
  143  15:46  Hellbat x5  
  143  15:49  Hellbat  
  145  15:55  Thor  
  121  16:01  Starport  
  121  16:02  Starport x2  
  121  16:05  Starport  
  121  16:07  Hellbat, Starport  
  121  16:08  Starport  
  121  16:09  Starport  
  117  16:23  Planetary Fortress  
  117  16:27  Thor x2  
  124  16:32  Thor  
  124  16:33  Hellbat  
  124  16:34  Hellbat x4  
  124  16:35  Hellbat  
  124  16:38  Thor  
  101  16:55  Hellbat x2  
  72  17:10  Hellbat x3  
  72  17:11  Hellbat  
Tags
 
League
GoldGold
Matchup
PvT
Replay Pack
sc2 replays
Spawn Locations
Cross Positions
Add a new tag
Caveats
  • Supply blocks, unpowered buildings, or Contaminate may cause inaccurate times.
  • Supply counts are checked every 10 seconds.